Map: 드림캐처 - 래더

Players

Trap - Winner!

  • Race: Protoss Protoss
  • League: Master
  • Spawn Location: 11:00

GOStephano (Stephano)

  • Race: Zerg Zerg
  • Spawn Location: 5:00

Event: HomeStory Cup XVIII

VOD

Have the link to the VOD?

Description

Time

  • Played on: Nov. 23, 2018, 6:37 a.m.
  • Length: 17:10

All games in this series

Show
View Real Time Build Order
Export as new Build Order

Trap Protoss - Winner!

Build Orders: 1 Gate Expand, Oracle Opening, Archon Immortal, Carriers, Archon Drop 

Get SALT Encoding   

  12  0:00  Probe  
  13  0:12  Probe  
  14  0:18  Pylon  
  14  0:24  Probe  
  15  0:32  Probe  
  15  0:40  Probe  
  16  0:42  Gateway  
  17  0:50  Probe  
  17  0:54  Assimilator  
  18  1:03  Probe  
  19  1:15  Probe  
  20  1:26  Nexus  
  20  1:35  Cybernetics Core  
  20  1:38  Probe  
  21  1:46  Assimilator  
  21  1:50  Probe  
  22  1:54  Pylon  
  22  2:02  Probe  
  22  2:03  Adept  
  23  2:14  Probe  
  26  2:20  Stargate  
  26  2:26  Probe  
  26  2:28  Warp Gate  
  27  2:36  Stalker, Probe x2  
  31  2:44  Probe x2  
  33  2:53  Probe  
  33  2:54  Probe  
  33  2:55  Oracle  
  38  3:06  Probe x2  
  38  3:12  Adept  
  42  3:14  Pylon  
  42  3:18  Probe x2  
  44  3:25  Oracle  
  44  3:30  Probe x2  
  46  3:37  Assimilator  
  46  3:40  Gateway  
  49  3:43  Probe x2  
  50  3:49  Pylon  
  50  3:57  Probe x2  
  50  4:01  Robotics Facility  
  52  4:03  Assimilator  
  52  4:04  Pylon  
  52  4:09  Probe x2  
  54  4:13  Twilight Council  
  54  4:21  Probe x2  
  56  4:30  Gateway  
  56  4:31  Gateway  
  56  4:37  Probe x2  
  58  4:40  Warp Prism  
  58  4:47  Zealot x2  
  64  4:53  Charge, Templar Archives  
  64  4:58  Pylon  
  64  5:03  Shield Battery  
  64  5:06  Immortal  
  64  5:19  Nexus  
  68  5:28  Probe x2  
  70  5:36  Immortal  
  70  5:39  High Templar  
  70  5:40  High Templar  
  76  5:45  Pylon, Archon  
  76  5:49  Pylon  
  78  5:52  Gateway  
  78  5:56  Gateway  
  78  6:03  High Templar, Probe x2  
  78  6:04  High Templar  
  84  6:06  Shield Battery  
  84  6:07  Archon  
  84  6:08  Pylon, Immortal  
  84  6:18  Zealot x2  
  87  6:31  Probe  
  87  6:32  Probe  
  89  6:38  Zealot x4  
  89  6:39  Immortal  
  95  6:45  Forge  
  89  6:47  Probe x3  
  94  6:59  Probe x3  
  93  7:02  Sentry x2  
  93  7:03  Zealot x3  
  103  7:08  Immortal  
  103  7:16  Probe x3  
  103  7:17  Pylon  
  103  7:18  Protoss Ground Weapons Level 1  
  103  7:20  Pylon  
  109  7:30  Probe x3  
  109  7:37  Photon Cannon, Assimilator x2, Immortal  
  112  7:40  Photon Cannon  
  112  7:46  Zealot  
  112  7:49  Phoenix, High Templar x2  
  124  8:02  Probe x3  
  127  8:05  Archon  
  127  8:08  Pylon  
  127  8:09  Pylon  
  127  8:12  Phoenix  
  127  8:16  Gateway, Probe  
  127  8:17  Gateway, Observer, Probe x2  
  133  8:24  Psionic Storm  
  133  8:29  Immortal  
  133  8:37  Photon Cannon, Robotics Facility  
  137  8:56  Nexus  
  137  8:57  Fleet Beacon  
  135  9:07  Immortal  
  139  9:10  Protoss Ground Weapons Level 2  
  139  9:11  Pylon  
  139  9:14  Probe x3  
  140  9:18  High Templar x3  
  140  9:20  Shield Battery  
  140  9:22  Photon Cannon  
  140  9:23  Mothership  
  140  9:24  Nexus  
  146  9:28  Pylon  
  146  9:31  Zealot x4  
  146  9:32  Zealot  
  146  9:37  Pylon  
  156  9:39  Pylon  
  164  9:53  Photon Cannon  
  162  10:10  Immortal x2  
  162  10:13  Photon Cannon x2  
  162  10:15  Pylon  
  162  10:17  High Templar x2  
  166  10:23  Shield Battery  
  166  10:29  Zealot x4  
  166  10:35  Photon Cannon  
  174  10:36  Zealot  
  174  10:41  Probe  
  174  10:42  Probe x2  
  173  10:53  Probe  
  170  10:57  Immortal x2  
  170  11:01  Assimilator  
  170  11:02  Assimilator  
  168  11:04  Stargate  
  176  11:20  Protoss Air Weapons Level 1  
  176  11:30  Zealot  
  176  11:31  Zealot x5  
  188  11:36  Immortal x2  
  172  11:49  Zealot x2  
  172  11:52  Protoss Ground Weapons Level 3  
  172  11:53  Zealot x2  
  172  11:54  Zealot x2  
  169  12:09  Zealot x2  
  169  12:15  Gateway x2, Immortal x2  
  181  12:25  High Templar x4  
  181  12:29  Photon Cannon  
  189  12:30  Archon x2  
  189  12:31  Photon Cannon  
  189  12:32  Photon Cannon  
  189  12:34  Pylon, Carrier  
  195  12:48  Carrier  
  187  13:04  Immortal  
  172  13:07  Stalker x4  
  172  13:08  Stalker x2  
  172  13:36  Observer  
  172  13:39  High Templar x4  
  178  13:50  Pylon  
  178  13:52  Pylon  
  178  13:53  Nexus  
  172  13:58  Observer  
  172  14:00  Carrier x2  
  172  14:01  Observer  
  173  14:03  Protoss Air Weapons Level 2  
  173  14:05  Pylon  
  185  14:18  High Templar  
  185  14:19  High Templar  
  189  14:30  Zealot  
  189  14:31  Zealot x3  
  190  14:51  Protoss Shields Level 1  
  190  14:53  Immortal  
  190  14:55  Immortal  
  190  15:00  Pylon  
  190  15:01  Pylon x2  
  190  15:06  Assimilator  
  193  15:09  Assimilator  
  193  15:12  High Templar x3  
  193  15:32  Observer  
  193  15:34  Observer  
  195  15:40  Carrier x2  
  198  16:03  Stargate  
  196  16:17  Dark Shrine, Zealot x2  
  200  16:19  Nexus  
  191  16:32  Archon  
  187  16:38  Zealot x2  
  187  16:39  Zealot x4  
  199  16:58  Photon Cannon  
  199  17:00  Photon Cannon  
Show
View Real Time Build Order
Export as new Build Order

GOStephano Zerg 

Build Orders: Hatch First, Lurkers, Roach Hydra 

Get SALT Encoding   

  12  0:01  Drone  
  13  0:12  Overlord  
  13  0:17  Drone  
  14  0:30  Drone  
  15  0:45  Hatchery  
  15  0:49  Drone  
  15  0:52  Drone  
  15  0:56  Drone  
  17  1:01  Drone  
  18  1:12  Extractor  
  18  1:16  Spawning Pool  
  16  1:18  Drone  
  16  1:24  Drone  
  18  1:33  Drone  
  19  1:43  Drone  
  20  1:53  Drone  
  21  2:03  Queen x2, Zergling x2  
  21  2:05  Overlord  
  26  2:11  Drone  
  26  2:15  Drone  
  28  2:24  Drone  
  28  2:26  Drone  
  30  2:34  Hatchery  
  29  2:40  Queen  
  29  2:42  Zergling x2  
  32  2:46  Overlord  
  32  2:49  Drone  
  33  2:51  Drone  
  33  2:53  Drone  
  35  2:59  Drone  
  36  3:07  Overlord  
  36  3:10  Drone x2  
  36  3:11  Drone x3  
  41  3:13  Drone  
  41  3:19  Queen  
  44  3:26  Spore Crawler  
  43  3:28  Lair  
  43  3:31  Drone  
  43  3:32  Drone  
  45  3:35  Drone  
  46  3:49  Drone x4, Overlord  
  46  3:51  Extractor  
  46  3:52  Extractor, Roach Warren  
  47  3:55  Spore Crawler  
  47  3:59  Overlord  
  47  4:02  Zergling x4  
  47  4:07  Overlord  
  48  4:10  Zergling x4  
  48  4:12  Drone  
  50  4:21  Drone  
  51  4:24  Spore Crawler  
  51  4:25  Drone x4  
  54  4:32  Glial Reconstitution  
  54  4:39  Drone x5  
  54  4:44  Overlord  
  59  4:48  Overlord  
  59  4:54  Roach x3  
  59  4:59  Roach x2  
  69  5:02  Roach  
  75  5:07  Roach x2  
  75  5:12  Overlord  
  75  5:14  Roach x2  
  75  5:18  Roach x2  
  82  5:26  Roach x3  
  88  5:30  Overlord x2  
  87  5:37  Overlord  
  87  5:40  Roach  
  87  5:41  Roach x3  
  95  5:45  Roach  
  95  5:49  Roach x2  
  103  5:50  Roach  
  103  5:52  Roach  
  103  5:56  Roach x2  
  108  6:01  Roach x2  
  108  6:03  Ravager x3  
  114  6:05  Roach  
  114  6:08  Roach  
  116  6:18  Roach x4  
  120  6:23  Roach  
  118  6:30  Roach x3  
  111  6:35  Roach  
  111  6:38  Roach  
  95  6:45  Roach x3  
  93  6:50  Drone x8  
  99  6:59  Roach x4  
  99  7:09  Drone x3  
  99  7:11  Extractor  
  99  7:12  Extractor x2  
  99  7:13  Roach  
  99  7:14  Queen, Evolution Chamber  
  100  7:19  Drone x6  
  106  7:29  Drone x5  
  103  7:38  Drone x2  
  103  7:42  Zerg Missile Weapons Level 1  
  105  7:44  Hydralisk Den  
  105  7:46  Ravager  
  105  7:52  Overlord  
  105  7:55  Drone x2  
  105  7:56  Drone  
  108  7:58  Overlord  
  108  8:01  Hatchery  
  108  8:04  Overlord  
  108  8:05  Overlord  
  107  8:14  Hydralisk  
  107  8:15  Hydralisk x7  
  123  8:23  Muscular Augments  
  123  8:26  Hydralisk  
  125  8:28  Lurker Den  
  124  8:36  Hydralisk x3  
  124  8:37  Overlord x2  
  130  8:44  Extractor, Hydralisk x3  
  130  8:47  Drone x2  
  137  8:48  Extractor  
  137  8:50  Overlord  
  136  9:05  Hydralisk x6  
  134  9:17  Hydralisk x5  
  134  9:20  Overseer  
  144  9:34  Grooved Spines  
  144  9:42  Overseer, Pneumatized Carapace  
  144  9:45  Zerg Missile Weapons Level 2  
  144  9:46  Metabolic Boost  
  144  9:50  Drone x4  
  145  10:14  Lurker  
  145  10:15  Lurker x5  
  145  10:20  Drone x3  
  145  10:21  Spine Crawler x2  
  152  10:25  Queen, Overlord  
  152  10:26  Hydralisk x6  
  166  10:36  Zergling x8  
  166  10:37  Hatchery, Zergling x10  
  166  10:38  Overlord x2  
  166  10:40  Lurker  
  175  10:53  Overlord  
  175  11:03  Hydralisk  
  175  11:04  Hydralisk x3  
  175  11:09  Infestation Pit  
  182  11:18  Hydralisk  
  182  11:19  Hydralisk x8  
  196  11:29  Hydralisk x6  
  195  11:35  Hydralisk  
  195  11:36  Hydralisk  
  188  11:40  Zergling x8  
  182  11:52  Hydralisk x5  
  184  11:57  Hydralisk x2  
  176  12:01  Hydralisk x2  
  176  12:04  Hydralisk  
  174  12:09  Hive  
  160  12:16  Lurker x4  
  164  12:23  Zergling x14  
  164  12:29  Spine Crawler, Lurker x2  
  172  12:43  Hydralisk x5  
  181  12:51  Hydralisk x3  
  172  12:57  Hydralisk x3  
  177  13:02  Zergling x2  
  177  13:03  Zergling x6  
  172  13:09  Hydralisk x3  
  172  13:11  Overseer  
  175  13:18  Overlord  
  175  13:19  Overseer  
  175  13:21  Hydralisk x2  
  175  13:26  Hydralisk x2  
  175  13:35  Spire, Zerg Missile Weapons Level 3  
  163  13:45  Hydralisk x4  
  171  13:50  Extractor x2  
  171  13:52  Overlord  
  168  13:56  Overlord  
  166  14:08  Drone x3  
  169  14:16  Lurker x4  
  175  14:17  Lurker x2  
  175  14:18  Lurker x2  
  174  14:43  Hatchery  
  173  14:51  Hydralisk x12  
  197  14:54  Greater Spire  
  197  14:58  Queen  
  192  15:10  Adaptive Talons  
  192  15:13  Overseer  
  193  15:14  Zergling x14  
  199  15:22  Overseer  
  199  15:25  Overseer  
  180  15:46  Hydralisk x6  
  180  15:47  Hydralisk x4  
  187  15:57  Drone x6  
  183  16:16  Corruptor x4  
  170  16:39  Corruptor x5  
Tags
 
Add a new tag
Caveats
  • Supply blocks, unpowered buildings, or Contaminate may cause inaccurate times.
  • Supply counts are checked every 10 seconds.